 Dungeon Crawl Stone Soup version 0.27.1-4-g1640c2035a (webtiles) character file.

Game seed: 6588259136937053471

56 Stomo444 the Skirmisher (level 3, 0/29 HPs)
             Began as a Demonspawn Monk on Nov 10, 2021.
             Succumbed to a goblin's poison
             ... on level 2 of the Dungeon.
             The game lasted 00:02:05 (2188 turns).

Stomo444 the Skirmisher (Demonspawn Monk)           Turns: 2188, Time: 00:02:05

Health: 0/29       AC:  3    Str: 12    XL:     3   Next: 69%
Magic:  3/3        EV: 13    Int: 11    God:
Gold:   100        SH:  0    Dex: 15    Spells: 2/2 levels left

rFire    . . .     SeeInvis .   a - +0 mace
rCold    . . .     Faith    .   (no shield)
rNeg     . . .     Spirit   .   b - +0 robe
rPois    .         Reflect  .   (no helmet)
rElec    .         Harm     .   (no cloak)
rCorr    .         Rampage  .   (no gloves)
Will     .....                  (no boots)
Stlth    ++........             (no amulet)
HPRegen  0.09/turn              (no ring)
MPRegen  0.16/turn              (no ring)

@: lethally poisoned (0 -> -13), hasted, very quick
A: magic regeneration, sharp scales 1
a: no special abilities


You were on level 2 of the Dungeon.
You visited 1 branch of the dungeon, and saw 3 of its levels.

You collected 100 gold pieces.

Inventory:

Hand Weapons
 a - a +0 mace (weapon)
Armour
 b - a +0 robe (worn)
Jewellery
 f - a ring of willpower
Scrolls
 d - a scroll of amnesia {unknown}
 e - a scroll of fear {unknown}
 i - a scroll of magic mapping {unknown}
 j - a scroll of identify {unknown}


   Skills:
 + Level 3.6 Fighting
 + Level 3.2 Maces & Flails
 + Level 3.3 Dodging
 - Level 1.7 Stealth


You had 2 spell levels left.
You didn't know any spells.
Your spell library was empty.

Dungeon Overview and Level Annotations

Branches:
Dungeon (3/15)

Altars:

Annotations:
D:3 Robin


Innate Abilities, Weirdness & Mutations

You regenerate magic rapidly.
You are partially covered in razor-sharp scales. (AC +1, Slay +1)


Message History

You see here a +0 dagger.
The goblin closely misses you.
There is a stone staircase leading up here.
The goblin closely misses you.
You climb upwards.
There is a stone staircase leading down here.
The goblin closely misses you.
The goblin no longer looks unusually strong.
The goblin no longer looks unusually strong.
You closely miss the goblin. The goblin closely misses you.
The goblin hits you with a +2 dagger of venom.
* * * LOW HITPOINT WARNING * * *
You are lethally poisoned!
You hit the goblin.
The goblin is moderately wounded.
* * * LOW HITPOINT WARNING * * *
You feel very sick. The goblin hits you but does no damage.
Unknown command.
It was a potion of curing.
You feel better. The goblin misses you.
It was a potion of haste.
You feel yourself speed up.
The goblin hits you with a +2 dagger of venom.
You are poisoned.
You barely miss the goblin.
The goblin is moderately wounded.
You feel sick.
The goblin hits you with a +2 dagger of venom.
* * * LOW HITPOINT WARNING * * *
You are more poisoned.
You hit the goblin.
You kill the goblin!
* * * LOW HITPOINT WARNING * * *
You feel very sick.
Unknown command.
It was a potion of magic.
Magic courses through your body.
* * * LOW HITPOINT WARNING * * *
You feel sick.
You hit the goblin.
The goblin is heavily wounded.
You die...

#.##.##.....##..###.#.......
####.##.##.............#...##.#
#............#.###........###.#
#.##...........# #.###.######.#
#.##...........# #.# #.#......#
#.#.........#.####.# #.#.######
#.#.........#.# #..# #.#.#
#.#...........###..# #.#)#
#.#........#..@g...# #...####
#.#.##.###...####.####......# #
#.#.##.......<.......#.####.###
#.#.##..###.###...g.>.....#.#..
###.#.##..# #.#
#.#.##.#.##.#.#.# ......##..#
#.# #.#.##.#.##.#.#..
.(..#.##..###.#
#.#.##.#.##.....#
#####.........#
#.#.##......###.. ####..#####
#.#.........###.#


You could see a goblin.

Vanquished Creatures
  A dart slug (D:1)
  3 endoplasms
  A giant cockroach (D:1)
  8 goblins
  7 hobgoblins
  4 jackals (D:2)
  5 kobolds
  3 quokkas
  5 ball pythons (D:1)
  5 bats
  2 frilled lizards
  3 rats
47 creatures vanquished.

Notes
Turn   | Place    | Note
-------+----------+-------------------------------------------
     0 | D:1      | Stomo444 the Demonspawn Monk began the quest for the Orb.
     0 | D:1      | Reached XP level 1. HP: 18/18 MP: 1/1
   297 | D:1      | Gained mutation: You are partially covered in razor-sharp
                  | scales. (AC +1, Slay +1) [demonic ancestry]
   297 | D:1      | Reached XP level 2. HP: 24/24 MP: 2/2
  1098 | D:1      | Found a faded altar of an unknown god.
  1237 | D:1      | Gained mutation: You regenerate magic rapidly. [demonic
                  | ancestry]
  1237 | D:1      | Reached XP level 3. HP: 29/29 MP: 3/3
  2161 | D:3      | Noticed Robin
  2188 | D:2      | Succumbed to a goblin's poison

Illustrated notes

Levels and vault maps discovered:
D:1:      lemuel_arrival_room, layout_loops_ring,
          ebering_ecumenical_altar_abandoned
D:2:      layout_loops_ring
D:3:      layout_loops_ring, nicolae_ru_the_path_less_chosen, uniq_robin,
          uniq_grinder

Skill      XL: |  1  2 |
---------------+-------+-----
Maces & Flails | 3 |  3.2
Dodging        | 3 |  3.3
Fighting       | |  3.6
Stealth        | |  1.7

Action                   || total
-------------------------++-------
Melee: Mace              ||   119
  Use: Potion            ||     3
 Stab: Sleeping          ||     7
Armor: Robe              ||    37
Dodge: Dodged            ||   107
